 Dungeon Crawl Stone Soup version 0.20.0-10-g0535bb4 (webtiles) character file.

31 sagitran the Sneak (level 3, 0/24 HPs)
             Began as a Vine Stalker Enchanter on June 7, 2017.
             Slain by a hobgoblin
             ... wielding a +0 club
              (1 damage)
             ... on level 2 of the Dungeon.
             The game lasted 00:28:14 (1136 turns).

sagitran the Sneak (Vine Stalker Enchanter)         Turns: 1136, Time: 00:28:15

Health: 0/24       AC: 21    Str: 10    XL:     3   Next: 22%
Magic:  0/7        EV:  2    Int: 15    God:
Gold:   29         SH:  0    Dex: 15    Spells: 0/6 levels left

rFire    . . .     SeeInvis .   a - +1 dagger
rCold    . . .     Gourm    .   (no shield)
rNeg     + + +     Faith    .   (armour currently unavailable)
rPois    +         Spirit   +   (helmet currently unavailable)
rElec    .         Reflect  .   (cloak currently unavailable)
rCorr    .         Harm     .   (gloves currently unavailable)
MR       .....     NoTele   +   (boots currently unavailable)
Stlth    +++.......             (no amulet)
Regen    0.0/turn               (no ring)
MPRegen  0.1/turn               (no ring)

@: tree-form
A: deterioration 1, inhibited regeneration, magic shield, no potion heal 3, rot
immunity
a: no special abilities


You were on level 2 of the Dungeon.
You were not hungry.
You were a tree.
You visited 1 branch of the dungeon, and saw 2 of its levels.

You collected 29 gold pieces.

Inventory:

Hand Weapons
 a - a +1 dagger (weapon)
Missiles
 f - 39 stones (quivered)
Armour
 b - a +0 robe (melded)
 e - a +1 pair of gloves (melded)
Books
 c - a book of Maledictions

   Spells                             Type                      Level
   a - Corona                         Hexes                        1
   b - Ensorcelled Hibernation        Hexes/Ice                    2
   c - Confuse                        Hexes                        3
   d - Tukima's Dance                 Hexes                        3
   e - Dazzling Spray                 Conjuration/Hexes            3
Comestibles
 d - a bread ration


   Skills:
 + Level 1.2 Short Blades
 + Level 1.8 Dodging
 + Level 4.3 Stealth
 + Level 2.3 Spellcasting
 + Level 3.3 Hexes


You couldn't memorise any spells.
You knew the following spells:

 Your Spells              Type           Power        Failure   Level  Hunger
a - Corona                Hex            ##.....      5%          1    #......
b - Tukima's Dance        Hex            ##......     16%         3    ###....
c - Ensorcelled Hibernat  Hex/Ice        #.....       16%         2    ###....


Dungeon Overview and Level Annotations

Branches:
Dungeon (1/15)

Altars:
Nemelex Xobeh


Innate Abilities, Weirdness & Mutations

((You have extremely sharp teeth.))
When hurt, damage is shared between your health and your magic reserves.
((Your bite disrupts and absorbs the magic of your enemies.))
Potions cannot restore your health.
You are immune to rotting.
((You have large cloven feet.))
((You are partially covered in yellow scales. (AC +2)))
Your body sometimes deteriorates upon taking damage.
You do not regenerate when monsters are visible.


Message History

Your bite misses the adder.
The adder is severely wounded.
The ooze hits you.
* * * LOW HITPOINT WARNING * * *
The goblin completely misses you. The hobgoblin hits you with a club.
* * * LOW HITPOINT WARNING * * *
The adder bites you but does no damage. The hobgoblin hits you with a club.
You turn into a tree.
Your +1 pair of gloves melds into your body.
Your +0 robe melds into your body.
Your roots penetrate the ground.
The ooze hits you but does no damage. The goblin hits you but does no damage.
The adder bites you but does no damage.
The hobgoblin hits you but does no damage.
You closely miss the goblin.
The hobgoblin hits you but does no damage.
The adder bites you but does no damage. The ooze hits you but does no damage.
The goblin hits you but does no damage.
You closely miss the goblin. The adder bites you but does no damage.
The hobgoblin hits you with a club.
You die...

......>....).#
.............#
.............#
...........?.#
.............#
.............#
......g..(...#
##..##♣g##
##....JSg(##
#.....KK...#
#.(.............
##..>.....#.####
#........#.#
#.......... #
#...........
##........#.#


You could see an ooze, an adder, 2 hobgoblins, a goblin and 2 kobolds.

Vanquished Creatures
  An ooze (D:1)
  A leopard gecko (D:1)
  4 bats (D:1)
  2 giant cockroaches (D:1)
  A goblin (D:1)
  2 hobgoblins (D:1)
  6 jackals (D:1)
  A frilled lizard (D:1)
  2 kobolds
  4 rats (D:1)
24 creatures vanquished.

Notes
Turn   | Place    | Note
-------+----------+-------------------------------------------
     0 | D:1      | sagitran the Vine Stalker Enchanter began the quest for the Orb.
     0 | D:1      | Reached XP level 1. HP: 9/9 MP: 4/4
   375 | D:1      | Reached skill level 1 in Short Blades
   375 | D:1      | Reached skill level 4 in Stealth
   375 | D:1      | Reached XP level 2. HP: 3/13 MP: 6/6
   406 | D:1      | Found a sparkling altar of Nemelex Xobeh.
   644 | D:1      | Reached XP level 3. HP: 8/16 MP: 7/7
   884 | D:1      | Learned a level 3 spell: Tukima's Dance
   887 | D:1      | Learned a level 2 spell: Ensorcelled Hibernation
  1121 | D:1      | You fall through a shaft!
  1129 | D:2      | Gained mutation: You do not regenerate when monsters are visible. [potion of mutation]
  1129 | D:2      | Gained mutation: Your body sometimes deteriorates upon taking damage. [potion of mutation]
  1129 | D:2      | Gained mutation: You have large cloven feet. [potion of mutation]
  1129 | D:2      | Gained mutation: You are partially covered in yellow scales. (AC +2) [potion of mutation]
  1136 | D:2      | Slain by a hobgoblin

Skill      XL: |  1 |
---------------+----+-----
Short Blades   | 1 |  1.2
Stealth        | 4 |  4.3
Dodging        | |  1.8
Spellcasting   | |  2.3
Hexes          | |  3.3

Action                   || total
-------------------------++-------
Melee: Dagger            ||    71
       Bite              ||    15
       Kick              ||     1
  Use: Scroll            ||     4
       Potion            ||     4
 Stab: Sleeping          ||     4
  Eat: Chunk             ||     1
Armor: Robe              ||    52
       Skin              ||     8
Dodge: Dodged            ||    95
